AoeStats
← 1ØØ | Camilo

Arena

509780687Analyzed
1v1 RM · 4d ago on Sep 28, 2026· 38m 53s· 2 players
Game mode
Random Map
Map size
Tiny (2 player)
Population
200
Speed
Normal
Resources
Standard
Victory
Conquest
Starting age
Dark Age
Ending age
Imperial Age
RankedLock teamsTeams togetherTeam positionsShared explorationLock speedFull tech treeHidden civsTurbo modeCheats
Victory
Defeat
🇨🇴 Poles · Colombia
1390
+18
🇨🇿 Bohemians · Czechia
1428
-18
1ØØ | Camilo
10:45 Feudal Age
14:37 Castle Age
12:43 Double-Bit Axe
12:40 Horse Collar
18:19 Heavy Plow
19:41 Bow Saw
22:24 Wheelbarrow
23:31 Hand Cart
24:38 Gold Mining
27:40 Imperial Age
25:19 Fletching
25:55 Ballistics
26:11 Bodkin Arrow
26:52 Stone Mining
27:45 Crossbowman
28:31 Thumb Ring
28:28 Padded Archer Armor
29:41 Chemistry
28:46 Bracer
28:45 Arbalester
32:09 Stone Shaft Mining
32:55 Bloodlines
32:46 Husbandry
33:19 Cavalier
35:00 Conscription
34:47 Szlachta Privileges
36:04 Forging
35:59 Scale Barding Armor
37:43 Iron Casting
37:42 Crop Rotation
38:57 Chain Barding Armor
kvetys1
10:43 Feudal Age
14:24 Castle Age
12:54 Double-Bit Axe
17:26 Fervor
18:28 Bow Saw
18:05 Horse Collar
19:06 Heavy Plow
22:10 Wheelbarrow
26:31 Hand Cart
31:12 Imperial Age
30:04 Chemistry
30:29 Masonry
30:38 Loom
31:15 Town Watch
31:18 Houfnice
32:32 Conscription
32:06 Fletching
31:57 Pikeman
33:14 Fortified Wall
33:20 Wagenburg Tactics
38:41 Halberdier
Connection lost

Rejoining the realm…

Still unreachable

The connection could not be restored.

Session expired

The server has moved on; the page needs a fresh start.